 Dungeon Sprint DCSS version 0.31.0-32-g396128a36d (webtiles) character file.

Game seed: 8104156409763879744

1409 Heoruswealwe the Impaler (level 8, -8/83 HPs)
             Began as a Minotaur Fighter on Mar 30, 2024.
             Was an Initiate of Gozag.
             Mangled by a wraith (10 damage)
             ... in the Dungeon (Sprint IX: "|||||||||||||||||||||||||||||").
             The game lasted 00:03:21 (213 turns).

Heoruswealwe the Impaler (Minotaur Fighter)          Turns: 213, Time: 00:03:22

Health: -8/83      AC: 18    Str: 23    XL:     8   Next: 42%
Magic:  7/7        EV:  7    Int:  5    God:    Gozag
Gold:   684        SH:  0    Dex: 10    Spells: 7/7 levels left

rFire   . . .        b - +2 halberd (venom)
rCold   . . .        (shield currently unavailable)
rNeg    . . .        c - +0 plate armour
rPois   .            (helmet restricted)
rElec   .            h - +0 cloak
rCorr   .            (no gloves)
SInv    .            (no boots)
Will    .....        (no amulet) Stlth
                     k - +2 ring of protection
HPRegen 0.33/turn    (no ring)
MPRegen 0.10/turn

%: no teleportation
@: gold aura
A: horns 2, retaliatory headbutt
a: Renounce Religion, Potion Petition, Call Merchant, Bribe Branch


You were in the Dungeon.
You worshipped Gozag.
Gozag was pleased with you.
You visited 1 branch You collected 684 gold pieces.

Inventory:

Hand Weapons
 a - a +0 trident
 b - a +2 halberd of venom (weapon)
Armour
 c - a +0 plate armour (worn)
 d - a +0 buckler
 h - a +0 cloak (worn)
Jewellery
 k - a +2 ring of protection (left hand)
Wands
 l - a wand of roots (10)
Scrolls
 j - a scroll of blinking
Potions
 e - 5 potions of curing
 g - a potion of haste
 i - a potion of berserk rage
 m - a potion of might


   Skills:
 + Level 11.8 Fighting
 * Level 15.8 Polearms
 + Level 11.8 Armour
 - Level 3.6 Shields


You had 7 spell levels left.
You didn't know any spells.
Your spell library was empty.

Dungeon Overview and Level Annotations

Branches:
Dungeon (1/1)

Altars:
Cheibriados
Dithmenos
Elyvilon
Fedhas
Gozag
Hepliaklqana
Kikubaaqudgha
Makhleb
Nemelex Xobeh
Okawaru
Qazlal
Ru
Sif Muna
Trog
Uskayaw
Vehumet
Wu Jian
Xom
Yredelemnul
Zin
The Shining One
Jiyva
Lugonu


Innate Abilities, Weirdness & Mutations

You have a pair of horns on your head.
You reflexively headbutt those who attack you in melee.


Message History

The laughing skull gives a hideous shriek!
The vampire mosquito buzzes angrily.
You slash the vampire mosquito!
The vampire mosquito is moderately damaged.
The vampire mosquito bites you but does no damage.
The vampire mosquito bites you!
* * * LOW HITPOINT WARNING * * *
The vampire mosquito draws strength from your injuries!
You slice the vampire mosquito!!
You destroy the vampire mosquito!
The howler monkey is distracted by your dazzling golden aura.
The wraith is distracted by your dazzling golden aura.
There is an open door here.
You see here 45 gold pieces.
You closely miss the howler monkey.
The howler monkey is no longer distracted by gold.
You headbutt the howler monkey!
The howler monkey is heavily wounded.
The howler monkey hits you but does no damage.
You hit the howler monkey.
The howler monkey is poisoned.
The howler monkey is severely wounded.
The wraith is no longer distracted by gold.
The howler monkey hits you but does no damage.
You impale the howler monkey!!
You kill the howler monkey!
The laughing skull lets out a vicious peal of laugher.
The bolt of negative energy hits the wraith.
The wraith completely resists.
The bolt of negative energy hits you.
You feel drained.
* * * LOW HITPOINT WARNING * * *
Your life force feels restored.
You closely miss the wraith. Your headbutt misses the wraith.
The wraith hits you but does no damage.
You puncture the wraith!
The wraith is heavily damaged.
You hit the wraith.
The wraith is heavily damaged.
The wraith hits you!
You die...
Your body crumbles into a pile of gold.

▓+▓
▓.▓
▓{▓
▓.▓
▓H▓
▓z▓
▓W▓
▓@▓
▓.▓
▓.▓
▓.▓
▓.▓
▓.▓
▓.▓
▓'▓
▓.▓


You could see a manticore, a wraith and a laughing skull.

Vanquished Creatures
  A two-headed ogre (D)
  A wyvern (D)
  A yak (D)
  A vampire mosquito (D)
  An acid dragon (D)
  A phantom (D)
  A scorpion (D)
  2 howler monkeys (D)
  A jelly (D)
  A hound (D)
  An orc wizard (D)
  An orc (D)
  A bat (D)
  An endoplasm (D)
  A goblin (D)
  A ball python (D)
  A rat (D)
18 creatures vanquished.

Notes
Turn   | Place    | Note
-------+----------+-------------------------------------------
     0 | D        | Heoruswealwe the Minotaur Fighter began the quest for the
                  | Orb.
     0 | D        | Reached XP level 1. HP: 19/19 MP: 0/0
     9 | D        | Reached skill level 3 in Polearms
    23 | D        | Noticed a jelly
    23 | D        | Noticed a phantom
    23 | D        | Noticed a scorpion
    23 | D        | Noticed a hound
    32 | D        | Killed a hound
    33 | D        | Reached skill level 5 in Fighting
    33 | D        | Reached skill level 5 in Polearms
    33 | D        | Reached skill level 5 in Armour
    33 | D        | Reached XP level 2. HP: 10/29 MP: 1/1
    33 | D        | Reached XP level 3. HP: 13/36 MP: 2/2
    38 | D        | Killed a scorpion
    39 | D        | Reached skill level 7 in Polearms
    39 | D        | Reached XP level 4. HP: 42/44 MP: 3/3
    47 | D        | Killed a phantom
    48 | D        | Reached skill level 9 in Polearms
    48 | D        | Reached XP level 5. HP: 34/52 MP: 4/4
    59 | D        | Found a snail-covered altar of Cheibriados.
    59 | D        | Found a shadowy altar of Dithmenos.
    59 | D        | Found a white marble altar of Elyvilon.
    59 | D        | Found a blossoming altar of Fedhas.
    59 | D        | Found an opulent altar of Gozag.
    60 | D        | Found a hazy altar of Hepliaklqana.
    61 | D        | Found a viscous altar of Jiyva.
    62 | D        | Found an ancient bone altar of Kikubaaqudgha.
    63 | D        | Found a corrupted altar of Lugonu.
    64 | D        | Found a burning altar of Makhleb.
    65 | D        | Found a sparkling altar of Nemelex Xobeh.
    66 | D        | Found an iron altar of Okawaru.
    67 | D        | Became a worshipper of Gozag Ym Sagoz the Greedy
    68 | D        | Found a stormy altar of Qazlal.
    69 | D        | Found a sacrificial altar of Ru.
    70 | D        | Found a shimmering blue altar of Sif Muna.
    71 | D        | Found a bloodstained altar of Trog.
    72 | D        | Found a hide-covered altar of Uskayaw.
    73 | D        | Found a radiant altar of Vehumet.
    74 | D        | Found an ornate altar of the Wu Jian Council.
    75 | D        | Found a shimmering altar of Xom.
    76 | D        | Found a basalt altar of Yredelemnul.
    77 | D        | Found a glowing silver altar of Zin.
    78 | D        | Found a glowing golden altar of the Shining One.
   149 | D        | Noticed a two-headed ogre
   149 | D        | Noticed an acid dragon
   149 | D        | Noticed a yak
   149 | D        | Noticed a wyvern
   153 | D        | Killed a wyvern
   154 | D        | Reached skill level 11 in Polearms
   154 | D        | Reached XP level 6. HP: 30/62 MP: 5/5
   157 | D        | Killed a yak
   158 | D        | Reached skill level 12 in Polearms
   159 | D        | Reached XP level 7. HP: 36/71 MP: 6/6
   176 | D        | Killed a two-headed ogre
   177 | D        | Reached skill level 15 in Polearms
   177 | D        | Reached XP level 8. HP: 19/82 MP: 7/7
   179 | D        | HP: 3/82 [acid dragon (6)]
   204 | D        | Noticed a manticore
   205 | D        | HP: 4/82 [vampire mosquito (7)]
   210 | D        | HP: 1/81 [laughing skull/bolt of negative energy (4)]
   213 | D        | Mangled by a wraith

Illustrated notes

Levels and vault maps discovered:
D:        linesprint [early_d, line_temple, items_1, d_10, items_2, lair_1,
          lair_end, items_3, orc_1, orc_end, items_4, d_15, swamp_1, shoals_1,
          snake_1, spider_1, d_20, vaults_1, items_5, swamp_end, shoals_end,
          snake_end, spider_end, vaults_end, d_27, items_6, zot_1, zot_end,
          crypt_end, forest_end, elf_end, slime_end, tomb_end, abyss_end,
          pan_hell_end]

Skill      XL: |  1  2  3  4  5  6  7 |
---------------+----------------------+-----
Polearms       | 5 7 9 11 12 15 | 15.8
Fighting       | 5 6 7 8 9 11 | 11.8
Armour         | 5 6 7 8 9 11 | 11.8
Shields        | |  3.6

Action                     |  1- 3 |  4- 6 |  7- 9 || total
---------------------------+-------+-------+-------++-------
  Melee: Trident           |    27 |    14 |       ||    41
         Headbutt          |     5 |     2 |     3 ||    10
         Halberd           |       |     9 |    21 ||    30
    Use: Potion            |     1 |       |     2 ||     3
         Scroll            |       |       |     1 ||     1
 Armour: Scale mail        |    17 |     4 |       ||    21
         Plate armour      |       |     3 |    20 ||    23
  Dodge: Dodged            |    15 |     8 |     4 ||    27
  Block: Buckler           |     5 |     1 |       ||     6
